Description

Sentries, stalkers, and immortals; what can go wrong?

Replay - Automaton_LE_99

Build Order

Get SALT Encoding   

  12  0:00  Probe  
  13  0:13  Probe  
  14  0:19  Pylon  
  14  0:22  Probe  
  15  0:33  Probe  
  15  0:39  Gateway  
  16  0:43  Probe  
  16  0:48  Assimilator  
  17  0:55  Probe  
  18  1:07  Probe  
  19  1:23  Nexus  
  19  1:26  Probe  
  20  1:35  Cybernetics Core  
  20  1:39  Probe  
  21  1:45  Assimilator  
  21  1:51  Probe  
  22  1:54  Pylon  
  22  2:03  Stalker  
  26  2:22  Robotics Facility  
  33  2:44  Warp Gate  
  35  3:00  Immortal  
  35  3:03  Gateway  
  41  3:22  Pylon  
  42  3:32  Immortal  
  43  3:37  Twilight Council  
  49  3:50  Pylon  
  50  3:57  Assimilator x2  
  50  4:02  Warp Prism  
  53  4:14  Blink  
  56  4:28  Gateway x2  
  56  4:32  Pylon  
  56  4:34  Observer  
  56  4:35  Sentry x2  
  62  4:50  Gateway x2, Immortal  
  66  5:04  Gateway x2  
  66  5:11  Sentry x2  
  70  5:18  Immortal  
  70  5:23  Sentry x2  
  78  5:42  Stalker x3  
  78  5:48  Stalker  
  86  5:54  Stalker  
  88  6:21  Stalker x4  
  95  8:02  Zealot  
Spawning Tool Build Advisor. Get it on Overwolf

Go to:

Details

  • Created by: Aggression
  • Published on: Mar 10, 2019
  • Modified on: Mar 10, 2019
  • Patch: 4.7.1
Show
View Real Time Build Order
Export as new Build Order

Comments (0)

There are no comments. Be the first!

Create an account to comment!